 Dungeon Crawl Stone Soup version 0.27.1-34-g3ba077fa99 (webtiles) character file.

Game seed: 9197236587110174506

2 Delamore the Scratcher (level 1, -1/9 HPs)
             Began as a Felid Transmuter on Jan 21, 2022.
             Slain by a goblin (4 damage)
             ... on level 1 of the Dungeon.
             The game lasted 00:00:28 (174 turns).

Delamore the Scratcher (Felid Transmuter)            Turns: 174, Time: 00:00:28

Health: -1/9       AC:  1    Str:  6    XL:     1   Next: 25%
Magic:  3/4        EV: 17    Int: 14    God:
Gold:   51         SH:  0    Dex: 16    Spells: 3/4 levels left
                                        Lives:  0   Deaths: 0

rFire    . . .     SeeInvis +     - Unarmed
rCold    . . .     Faith    .   (shield unavailable)
rNeg     . . .     Spirit   .   (armour unavailable)
rPois    .         Reflect  .   (helmet unavailable)
rElec    .         Harm     .   (cloak unavailable)
rCorr    .         Rampage  .   (gloves unavailable)
Will     .....                  (boots unavailable)
Stlth    ++........             (no amulet)
HPRegen  0.03/turn              (no ring)
MPRegen  0.09/turn              (no ring)

@: appendages, quick
A: horns 2, very small, claws 1, fangs 3, see invisible, speed 1, shaggy fur 1,
stealthy paws, no weapons or thrown items, no armour, multi-lived
a: End Transformation


You were on level 1 of the Dungeon.
You had temporarily grown beastly horns.
You visited 1 branch of the dungeon, and saw 1 of its levels.

You collected 51 gold pieces.

You aren't carrying anything.


   Skills:
 - Level 1.0 Fighting
 + Level 2.8 Dodging
 + Level 0.3 Stealth
 - Level 3.0 Unarmed Combat
 + Level 2.0 Spellcasting
 - Level 2.1 Transmutations


You had 3 spell levels left.
You knew the following spells:

 Your Spells              Type           Power      Damage    Failure   Level
a - Beastly Appendage     Tmut           14%        N/A       10%         1

Your spell library contained the following spells:

 Spells                   Type           Power      Damage    Failure   Level
 Wereblood                Tmut           7%         N/A       14%         2
 Spider Form              Tmut/Pois      2%         N/A       41%         3
 Ice Form                 Ice/Tmut       4%         N/A       83%         4


Dungeon Overview and Level Annotations

Branches:
Dungeon (1/15)

Altars:


Innate Abilities, Weirdness & Mutations

You have temporarily grown beastly horns.
You have sharp claws.
You have razor-sharp teeth.
You have supernaturally acute eyesight. (SInv)
You cover ground quickly. (Speed+)
You are covered in fur. (AC +1)
Your paws help you pounce on unaware monsters.
You are incapable of wielding weapons or throwing items.
You cannot wear armour.
You gain extra lives every three experience levels.


Message History

No target in view!
There is an open door here.
Found a stone staircase leading down.
You now have 51 gold pieces (gained 15).
As you open the door, it creaks loudly!
You hear a shout!
A goblin comes into view. It is wielding a +0 club.
The goblin shouts!
There is an open door here.
A goblin is nearby!
You barely miss the goblin. The goblin misses you.
You scratch the goblin.
The goblin is moderately wounded.
The goblin hits you with a +0 club.
You closely miss the goblin.
The goblin is moderately wounded.
The goblin hits you with a +0 club.
You scratch the goblin but do no damage.
The goblin is moderately wounded.
The goblin hits you with a +0 club.
* * * LOW HITPOINT WARNING * * *
You are too injured to fight recklessly!
You are too injured to fight recklessly!
You are too injured to fight recklessly!
You are too injured to fight recklessly!
A goblin is nearby!
There is an open door here.
There is an open door here.
Casting: Beastly Appendage (safe; 10% risk of failure)
Confirm with . or Enter, or press ? or * to list all spells.
You don't know that spell.
Casting: Beastly Appendage (safe; 10% risk of failure)
Confirm with . or Enter, or press ? or * to list all spells.
You grow a pair of large bovine horns.
You scratch the goblin.
The goblin is severely wounded.
The goblin completely misses you.
You barely miss the goblin.
The goblin is severely wounded.
The goblin hits you with a +0 club.
You die...

#.##...##<##.....#
#.....#. #
##....##..###.....#
#.....'.
#.###..######..##.....#
#.....## #....##
###..##.....# #.....##
###...####...###.....#
#.....# ##.......#.#
#.....# #.....#
##.###.######.....#
#.....# #'# ##.#
#g.....# #.....# ##.#
#.####@###### #.....#
#.## ##.....# #######
### #######


You could see a goblin.

Vanquished Creatures
  3 rats (D:1)
3 creatures vanquished.

Notes
Turn   | Place    | Note
-------+----------+-------------------------------------------
     0 | D:1      | Delamore the Felid Transmuter began the quest for the Orb.
     0 | D:1      | Reached XP level 1. HP: 9/9 MP: 4/4
   174 | D:1      | Slain by a goblin

Illustrated notes

Levels and vault maps discovered:
D:1:      dpeg_arrival_round_a, layout_basic, serial_shops,
          nicolae_shop_statue_plus

Action                   || total
-------------------------++-------
Melee: Unarmed           ||    15
       Bite              ||     1
 Cast: Beastly Appendage ||     1
Dodge: Dodged            ||     7
